 Dungeon Crawl Stone Soup version 0.31.0-11-ge490571c62 (webtiles) character file.

Game seed: 14174354445833293867

105 qw the Skirmisher (level 4, 0/25 HPs)
             Began as a Deep Elf Hunter on Feb 4, 2024.
             Slain by an ogre
             ... wielding a +0 giant club
              (16 damage)
             ... on level 3 of the Dungeon.
             The game lasted 00:00:05 (1616 turns).

qw the Skirmisher (Deep Elf Hunter)                 Turns: 1616, Time: 00:00:06

Health: 0/25       AC:  4    Str: 10    XL:     4   Next: 54%
Magic:  6/6        EV: 12    Int: 14    God:
Gold:   182        SH:  0    Dex: 18    Spells: 3/3 levels left

rFire   . . .        a - +0 shortbow
rCold   . . .        (shield currently unavailable)
rNeg    . . .        c - +0 leather armour
rPois   .            g - +0 helmet
rElec   .            (no cloak)
rCorr   .            (no gloves)
SInv    +            (no boots)
Will    .....        (no amulet)
Stlth   ++           l - ring of see invisible
HPRegen 0.24/turn    (no ring)
MPRegen 0.10/turn

%: no passive effects
@: no status effects
A: no striking features
a: no special abilities


You were on level 3 of the Dungeon.
You visited 1 branch of the dungeon, and saw 3 of its levels.

You collected 182 gold pieces.


   Skills:
 - Level 1.5 Fighting
 + Level 8.0 Ranged Weapons
 - Level 2.4 Dodging
 - Level 1.2 Stealth


You had 3 spell levels left.
You didn't know any spells.
Your spell library was empty.

Inventory:

Hand Weapons
 a - a +0 shortbow (weapon)
Armour
 c - a +0 leather armour (worn)
 g - a +0 helmet (worn)
Jewellery
 l - a ring of see invisible (left hand)
Scrolls
 b - 2 scrolls of identify
 h - a scroll of teleportation {unknown}
 k - a scroll of enchant weapon {unknown}
Potions
 d - a potion of might
 e - 2 potions of ambrosia {unknown}
 f - a potion of curing
 i - a potion of brilliance {unknown}
 j - a potion of heal wounds {unknown}

Dungeon Overview and Level Annotations

Branches:
Dungeon (3/15)

Altars:
Ru


Message History

A goblin comes into view. It is wielding a +0 dagger.
You shoot an arrow. The arrow hits the goblin!
You kill the goblin!
You hear a shout! x4
A goblin comes into view. It is wielding a +0 club.
A goblin comes into view. It is wielding a +0 dagger.
You shoot an arrow. The arrow hits the goblin.
The goblin is moderately wounded.
You hear a shout!
A goblin comes into view. It is wielding a +0 dagger.
A quokka comes into view.
You shoot an arrow. The arrow closely misses the goblin.
The goblin closely misses you.
An ogre comes into view. It is wielding a +0 giant club.
You shoot an arrow. The arrow hits the goblin!
You kill the goblin!
You hear a shout!
A goblin comes into view. It is wielding a +0 club.
The quokka barely misses you.
You shoot an arrow. The arrow barely misses the goblin.
The goblin hits you but does no damage. The quokka misses you.
You shoot an arrow. The arrow closely misses the goblin.
The arrow barely misses the goblin.
The goblin hits you with a +0 dagger. The quokka bites you.
You shoot an arrow. The arrow barely misses the goblin.
The arrow hits the goblin.
You kill the goblin!
The goblin barely misses you. The goblin closely misses you.
The quokka bites you.
Your Ranged Weapons skill increases to level 8!
You shoot an arrow. The arrow hits the goblin!
You kill the goblin!
The goblin hits you with a +0 club. The quokka bites you.
A goblin comes into view. It is wielding a +0 club.
You shoot an arrow. The arrow barely misses the ogre.
The quokka twitches its whiskers.
The quokka misses you. The goblin hits you with a +0 club.
The ogre hits you with a +0 giant club!
Ouch! That really hurt!
You die...

#..#.####)...#.........
##.#.# ####........#
.#.#.# ##.......# ...#.#
#...#####
#)...##########.#
................# #
#####..###......# )#
##..##.....>.##.##g##...
#.#.#.####..>##.@O).....
#...#.####...##.rg....).
..#.#....### ##........
#............ .........
..#.#....#### #########
#..|#....# #.#.#....#
##..###### ####


You could see an ogre, a quokka and 2 goblins.

Vanquished Creatures
  3 adders
  A gnoll (D:1)
  A ribbon worm (D:2)
  An orc (D:3)
  4 endoplasms
  3 giant cockroaches (D:2)
  13 goblins
  7 hobgoblins
  4 jackals (D:3)
  A quokka (D:2)
  4 ball pythons
  7 bats
  3 frilled lizards
  5 kobolds
  A rat (D:2)
58 creatures vanquished.

Notes
Turn   | Place    | Note
-------+----------+-------------------------------------------
     0 | D:1      | qw the Deep Elf Hunter began the quest for the Orb.
     0 | D:1      | Reached XP level 1. HP: 12/12 MP: 3/3
     0 | D:1      | 0 ||| qw: Version: 0.3-a-160-g6735b56
     0 | D:1      | 0 ||| qw: Game counter: 4657
     0 | D:1      | 0 ||| qw: Melee chars always use a shield: true
     0 | D:1      | 0 ||| qw: God list: Okawaru
     0 | D:1      | 0 ||| qw: Allow faded altars: false
     0 | D:1      | 0 ||| qw: Do Orc after clearing Dungeon:15 true
     0 | D:1      | 0 ||| qw: Do second Lair branch before Depths: true
     0 | D:1      | 0 ||| qw: Lair rune preference: random
     0 | D:1      | 0 ||| qw: Goals: Normal
     0 | D:1      | 0 ||| PLANNING D:1-11
    26 | D:1      | Reached skill level 6 in Ranged Weapons
    26 | D:1      | Reached XP level 2. HP: 16/16 MP: 4/4
   684 | D:1      | Reached XP level 3. HP: 20/20 MP: 5/5
   723 | D:1      | 723 ||| UPGRADING to +0 helmet.
   728 | D:1      | 728 ||| DROPPING scroll of butterflies.
   852 | D:2      | Reached skill level 7 in Ranged Weapons
  1190 | D:2      | 1190 ||| UPGRADING to ring of see invisible.
  1191 | D:2      | 1191 ||| READING 3 scrolls labelled ELIYRPH TEONUOB.
  1192 | D:2      | 1192 ||| READING scroll labelled WAENAUCYAJ.
  1193 | D:2      | 1193 ||| READING scroll labelled YGEUPO QAMOH.
  1193 | D:2      | 1193 ||| IDENTIFYING smoky inky potion
  1194 | D:2      | 1194 ||| READING scroll labelled RAXAFFAMUN.
  1195 | D:2      | 1195 ||| DRINKING 2 smoky yellow potions.
  1196 | D:2      | 1196 ||| DROPPING 2 scrolls of immolation.
  1269 | D:3      | Reached XP level 4. HP: 15/25 MP: 6/6
  1467 | D:3      | Found a sacrificial altar of Ru.
  1610 | D:3      | Noticed an ogre
  1615 | D:3      | Reached skill level 8 in Ranged Weapons
  1616 | D:3      | Slain by an ogre

Levels and vault maps discovered:
D:1:      psy_arrival_whirlpool, layout_basic
D:2:      layout_basic
D:3:      minmay_spotlight, layout_rooms, nicolae_overflow_hidden_temple,
          minmay_ogre_servants

Skill      XL: |  1  2  3  4 |
---------------+-------------+-----
Ranged Weapons | 6 7 8 |  8.0
Fighting       | |  1.5
Dodging        | |  2.4
Stealth        | |  1.2

Action                     |  1- 3 |  4- 6 || total
---------------------------+-------+-------++-------
   Fire: Shortbow          |    99 |    45 ||   144
    Use: Scroll            |     4 |       ||     4
         Potion            |     1 |       ||     1
 Armour: Leather armour    |    19 |    15 ||    34
  Dodge: Dodged            |    30 |    15 ||    45

Table legend:
 A = Non-vault XP
 B = Vault XP
 C = Vault XP percentage of total XP
 D = Non-vault monster count
 E = Vault monster count
 F = Vault count percentage of total count
                 A         B        C        D         E       F
            +---------+---------+-------+---------+---------+-------
      Total |     132 |      19 |  12.6 |      48 |      10 |  17.2
            +---------+---------+-------+---------+---------+-------
        D:1 |      43 |       0 |   0.0 |      18 |       0 |   0.0
        D:2 |      46 |       0 |   0.0 |      19 |       0 |   0.0
        D:3 |      43 |      19 |  30.6 |      11 |      10 |  47.6
            +---------+---------+-------+---------+---------+-------
